 Dungeon Crawl Stone Soup version 0.28.0-53-g5a82cb258f (webtiles) character file.

Game seed: 107216857992121483

2581 H0rd4k the Cutter (level 9, -4/69 HPs)
             Began as a Human Artificer on May 31, 2022.
             Was an Initiate of Gozag.
             Killed from afar by Maggie (28 damage)
             ... with a bolt of fire
             ... on level 7 of the Dungeon.
             The game lasted 00:10:56 (11505 turns).

H0rd4k the Cutter (Human Artificer)                Turns: 11505, Time: 00:11:00

Health: -4/69      AC:  0    Str: 13    XL:     9   Next: 88%
Magic:  9/9        EV: 14    Int: 15    God:    Gozag
Gold:   187        SH:  4    Dex: 14    Spells: 8/8 levels left

rFire   . . .      SeeInvis .   p - +2 dagger (venom)
rCold   . . .      Faith    .   (no shield)
rNeg    . . .      Spirit   .   q - +1 leather armour "Cesut" {Will+}
rPois   .          Reflect  .   (no helmet)
rElec   .          Harm     .   (no cloak)
rCorr   .          Rampage  .   (no gloves)
Will    +....                   (no boots)
Stlth   +.........              (no amulet)
HPRegen 0.21/turn               (no ring)
MPRegen 0.11/turn               (no ring)

@: corroded, gold aura, unable to read
A: large bone plates 1, deterioration 1, passive freeze, inability to read while
threatened
a: Renounce Religion, Potion Petition, Call Merchant, Bribe Branch


You were on level 7 of the Dungeon.
You worshipped Gozag.
Gozag was aware of your devotion.
You visited 2 branches of the dungeon, and saw 9 of its levels.
You also visited: Sewer.

You collected 273 gold pieces.
You paid 86 gold pieces to Gozag.

Inventory:

Hand Weapons
 p - a +2 dagger of venom (weapon)
Missiles
 w - 5 poisoned darts
Armour
 b - a +0 leather armour
 q - the +1 leather armour "Cesut" (worn) {Will+}
   (You found it on level 4 of the Dungeon)

   Will:      It increases your willpower.
 y - a +0 cloak
Magical Staves
 m - a staff of air
Jewellery
 B - a ring of wizardry
Wands
 c - a wand of flame (21) (quivered)
 o - a wand of polymorph (7)
Scrolls
 d - a scroll of magic mapping {unknown}
 f - a scroll of silence {unknown}
 g - 6 scrolls of brand weapon {unknown}
 h - 2 scrolls of enchant weapon {unknown}
 i - a scroll of noise {unknown}
 j - 4 scrolls of teleportation {unknown}
 k - 9 scrolls of identify {unknown}
 n - a scroll of summoning {unknown}
 A - a scroll of blinking {unknown}
Potions
 a - 2 potions of mutation
 l - a potion of cancellation {unknown}
 r - a potion of magic {unknown}
 s - 3 potions of might {unknown}
 t - a potion of resistance
 u - 4 potions of haste {unknown}
 v - 2 potions of curing {unknown}
 x - 2 potions of degeneration {unknown}
 z - a potion of heal wounds
Miscellaneous
 e - a piece from Xom's chessboard (15/15)


   Skills:
 + Level 5.9 Fighting
 + Level 6.5 Short Blades
 + Level 2.2 Maces & Flails
 - Level 2.0 Armour
 + Level 6.4 Dodging
 - Level 1.0 Stealth
 + Level 3.3 Shields
 + Level 5.3 Evocations


You had 8 spell levels left.
You didn't know any spells.
Your spell library contained the following spells:

 Spells                   Type           Power      Damage    Failure   Level
 Leda's Liquefaction      Hex/Erth       0%         N/A       98%         4
 Lee's Rapid Deconstruct  Erth           0%         3d5*      100%        5
 Statue Form              Tmut/Erth      0%         N/A       100%        6


Dungeon Overview and Level Annotations

Branches:
Dungeon (8/15)             Temple (1/1) D:7           Sewer (visited)
   Lair: D:8-11

Altars:
Ashenzari
Cheibriados
Dithmenos
Elyvilon
Fedhas
Gozag
Hepliaklqana
Kikubaaqudgha
Makhleb
Nemelex Xobeh
Okawaru
Qazlal
Ru
Sif Muna
Trog
Uskayaw
Vehumet
Wu Jian
Xom
Yredelemnul
Zin
The Shining One

Annotations:
D:3 exclusion: phantom
D:4 exclusion: downstairs
D:5 1 runed translucent door, exclusion: door, Crazy Yiuf
D:6 exclusion: downstairs
D:7 Maggie


Innate Abilities, Weirdness & Mutations

You are partially covered in large bone plates. (SH +4)
Your body sometimes deteriorates upon taking damage.
A frigid envelope surrounds you and freezes all who hurt you.
You sometimes lose the ability to read scrolls when taking damage.


Message History

You hit the sky beast.
The sky beast looks as sick as possible!
The sky beast is heavily wounded.
You block the sky beast's attack.
You hit the sky beast but do no damage.
The sky beast looks as sick as possible!
The sky beast is heavily wounded.
The sky beast hits you but does no damage.
The sky beast is very cold.
The sky beast is almost dead.
You hit the sky beast but do no damage.
The sky beast looks as sick as possible!
The sky beast is almost dead.
The sky beast hits you. The sky beast shocks you.
The sky beast is very cold.
The sky beast is almost dead.
You hit the sky beast.
You kill the sky beast!
You now have 187 gold pieces (gained 12).
HP restored.
There is a stone staircase leading up here.
s - 3 glowing orange potions (gained 1)
B - a ring of wizardry A shadow imp comes into view.
A shadow imp is nearby!
Maggie shouts!
The shadow imp shouts!
The shadow imp hits you.
Maggie zaps a wand.
The bolt of acid hits you!!!
Ouch! That really hurt!
The acid corrodes you! The shadow imp hits you.
You feel threatened and lose the ability to read scrolls!
The shadow imp resists.
The shadow imp is very cold.
The shadow imp is lightly wounded.
You can read scrolls again.
Maggie casts a spell at you.
The bolt of fire hits the shadow imp!
The shadow imp dies!
The bolt of fire hits you!!
You feel threatened and lose the ability to read scrolls!
You die...
Your body crumbles into a pile of gold.

#
#.#.###.##.#.##.#
#.# ####.#.# #.#
.#.##.# .#
.....#.# #.#
#@...# ######.#
#.## #.#### #.#
#.##.#.## #.#
#.......#
#.#####$# #.# #@#
#.# #.# ... ...
..... #####


You could see Maggie.

Vanquished Creatures
  Pikel (D:6)
  Prince Ribbit (D:5)
  Eustachio (D:5)
  A steam dragon (D:6)
  Menkaure (D:6)
  A water moccasin (D:6)
  A sky beast (D:7)
  An ogre (D:5)
  A phantom (D:5)
  2 kobold brigands (Sewer)
  2 bullfrogs
  4 scorpions
  2 water moccasin zombies
  A water moccasin skeleton (D:6)
  A centaur zombie (D:4)
  A hound (D:6)
  A jelly (D:5)
  An orc priest (D:3)
  An iguana (D:5)
  8 adders
  10 river rats (Sewer)
  A shadow imp (D:7)
  A worm (D:4)
  2 dart slugs (D:2)
  13 orcs
  11 ball pythons
  4 endoplasms
  5 giant cockroaches
  11 goblins
  4 hobgoblins
  7 quokkas
  7 bats
  3 frilled lizards
  21 kobolds
  20 rats
153 creatures vanquished.

Vanquished Creatures (collateral kills)
  An orc priest (D:5)
  A shadow imp (D:6)
  A dart slug (D:5)
  3 orcs (D:5)
  A giant cockroach (D:4)
  6 goblins
  A hobgoblin (D:2)
  A quokka (D:4)
  A kobold (D:4)
  A rat (D:3)
17 creatures vanquished.

Vanquished Creatures (others)
  A black bear (D:5)
  A jelly (D:6)
  An orc priest (D:5)
  Robin (D:2)
  A shadow imp (D:7)
  A goblin (D:3)
  A hobgoblin (D:3)
  A kobold (Sewer)
8 creatures vanquished.

Grand Total: 178 creatures vanquished

Notes
Turn   | Place    | Note
-------+----------+-------------------------------------------
     0 | D:1      | H0rd4k the Human Artificer began the quest for the Orb.
     0 | D:1      | Reached XP level 1. HP: 15/15 MP: 1/1
   316 | D:1      | Reached XP level 2. HP: 21/21 MP: 2/2
   955 | D:2      | Reached XP level 3. HP: 12/26 MP: 3/3
  1272 | D:2      | Found a faded altar of an unknown god.
  1769 | D:2      | Noticed Robin
  1805 | D:3      | Reached XP level 4. HP: 14/32 MP: 4/4
  2374 | D:3      | Reached skill level 1 in Maces & Flails
  2597 | D:3      | Found a sacrificial altar of Ru.
  2597 | D:3      | Found a blossoming altar of Fedhas.
  2836 | D:2      | Killed Robin
  4152 | D:3      | Reached XP level 5. HP: 11/38 MP: 5/5
  4610 | D:4      | Identified the +1 leather armour "Cesut" {Will+}
  4719 | D:4      | Found a glowing drain.
  4749 | Sewer    | Entered a sewer
  5219 | Sewer    | Reached XP level 6. HP: 13/44 MP: 6/6
  5480 | Sewer    | Reached skill level 1 in Short Blades
  5604 | Sewer    | Gained mutation: You sometimes lose the ability to read
                  | scrolls when taking damage. [potion of mutation]
  5604 | Sewer    | Gained mutation: Your body sometimes deteriorates upon
                  | taking damage. [potion of mutation]
  5604 | Sewer    | Gained mutation: You are partially covered in large bone
                  | plates. (SH +4) [potion of mutation]
  5604 | Sewer    | Gained mutation: A frigid envelope surrounds you and
                  | freezes all who hurt you. [potion of mutation]
  6125 | Sewer    | Reached XP level 7. HP: 47/51 MP: 7/7
  7037 | D:4      | Reached skill level 1 in Shields
  7766 | D:5      | Entered Level 5 of the Dungeon
  7770 | D:5      | Noticed Eustachio
  7827 | D:5      | Killed Eustachio
  7828 | D:5      | Reached XP level 8. HP: 23/60 MP: 8/8
  8103 | D:5      | Noticed Prince Ribbit
  8418 | D:5      | Killed Prince Ribbit
  8419 | D:5      | Reached skill level 5 in Dodging
  8643 | D:5      | Reached skill level 5 in Short Blades
  8803 | D:5      | Reached XP level 9. HP: 63/66 MP: 9/9
  8973 | D:5      | Found a runed translucent door.
  8974 | D:5      | Noticed Crazy Yiuf
  9185 | D:6      | Noticed Pikel
  9354 | D:6      | Reached skill level 5 in Fighting
  9531 | D:6      | Noticed Menkaure
  9542 | D:6      | Killed Menkaure
  9543 | D:6      | Reached skill level 5 in Evocations
 10241 | D:6      | Killed Pikel
 10389 | D:7      | Noticed Maggie
 10728 | D:7      | Found a staircase to the Ecumenical Temple.
 10737 | Temple   | Entered the Ecumenical Temple
 11190 | Temple   | Became a worshipper of Gozag Ym Sagoz the Greedy
 11505 | D:7      | Killed from afar by Maggie

Illustrated notes

Levels and vault maps discovered:
D:1:      psy_arrival_terrarium, layout_loops_corners
D:2:      layout_loops_cross, serial_co_window_serial, co_window_corner_a,
          co_window_of_opportunity_a, co_window_paths_a, co_window_corner_a,
          co_window_of_opportunity_a, co_window_paths_b, co_window_corner_a,
          co_window_paths_b, co_window_paths_a, co_window_broadway_b,
          co_window_of_opportunity_b, co_window_of_opportunity_c,
          co_window_corner_b, co_window_4corner_b, co_window_sun,
          glass_columns_b, glass_columns_b, glass_columns_b,
          nicolae_ecumenical_snake_handling, uniq_robin
D:3:      layout_basic, gammafunk_temple_overflow_statue
D:4:      layout_layer_cave, gup_sewer_entry_pipe,
          hangedman_abyss_or_decor_passed
D:5:      layout_cave_pools, serial_column_ruins, column_ruins_square_medium,
          column_ruins_hut_pillars, column_ruins_open_tiny,
          column_ruins_open_small, column_ruins_open_tiny,
          column_ruins_corridor_dead_end, column_ruins_grid_1,
          minmay_door_square, uniq_prince_ribbit1, uniq_crazy_yiuf_cottage,
          uniq_eustachio
D:6:      layout_loops_cross, uniq_menkaure, uniq_pikel
D:7:      layout_loops_ring, minmay_temple_entry_statues_fountains, uniq_maggie
D:8:      layout_rooms, uniq_maurice, uniq_grum
Temple:   mainiacjoe_temple_big_plus

Skill      XL: |  1  2  3  4  5  6  7  8  9 |
---------------+----------------------------+-----
Evocations     | 4 5 |  5.3
Maces & Flails | 1 2 |  2.2
Dodging        | 2 3 4 5 6 |  6.4
Fighting       | 2 3 4 5 |  5.9
Short Blades   | 2 3 5 6 |  6.5
Shields        | 1 2 3 |  3.3
Armour         | |  2.0
Stealth        | |  1.0

Action                   |  1- 3 |  4- 6 |  7- 9 || total
-------------------------+-------+-------+-------++-------
Melee: Club              |    95 |    55 |       ||   150
       Dagger            |       |   192 |   209 ||   401
       Punch             |       |     3 |     2 ||     5
Evoke: Wand              |     6 |    11 |    12 ||    29
  Use: Potion            |       |     4 |       ||     4
 Stab: Sleeping          |     1 |     1 |       ||     2
       Distracted        |       |       |     1 ||     1
Armor: Leather armour    |    46 |    68 |    49 ||   163
Dodge: Dodged            |    78 |   159 |   110 ||   347
Block: Other             |       |     4 |    39 ||    43
